[Event "ICC tourney 2332 (75 10)"]
[Site "Internet Chess Club"]
[Date "2021.01.23"]
[Round "3"]
[White "UltimateDL"]
[Black "chesslin"]
[Result "0-1"]
[ICCResult "White checkmated"]
[WhiteElo "1631"]
[BlackElo "1765"]
[Opening "Pirc: classical (two knights) system"]
[ECO "B06"]
[NIC "PU.10"]
[Time "20:01:46"]
[PlyCount "78"]
[TimeControl "4500+10"]

1. e4 g6 2. d4 Bg7 3. Nf3 d6 4. Nc3 Nf6 5. Bd3 O-O 6. O-O Bg4 7. h3 Bxf3 8.
Qxf3 Nc6 9. Be3 e5 10. d5 Nd4 11. Qd1 c6 12. dxc6 bxc6 13. Ne2 Ne6 14. Qd2
d5 15. exd5 cxd5 16. c3 Re8 17. Bc2 a5 18. Rfd1 Qd7 19. Bb3 Qb7 20. Qc2
Rec8 21. Ba4 d4 22. Bc1 Rab8 23. Qb3 Qe4 24. Qc2 d3 25. Qxd3 Qxa4 26. b3
Qc6 27. Bb2 Rd8 28. Qc2 Nh5 29. c4 Nhf4 30. Nxf4 Nxf4 31. f3 Qc5+ 32. Kf1
Qe3 33. Qf2 Qxf2+ 34. Kxf2 Nd3+ 35. Ke3 Nxb2 36. Rxd8+ Rxd8 37. Rb1 Nd3 38.
Rd1 Bh6+ 39. Ke4 f5# { White checkmated } 0-1

[Event "ICC tourney 2332 (75 10)"]
[Site "Internet Chess Club"]
[Date "2021.01.23"]
[Round "3"]
[White "MariusC"]
[Black "pianoboy"]
[Result "1-0"]
[ICCResult "Black resigns"]
[WhiteElo "1763"]
[BlackElo "1849"]
[Opening "Caro-Kann: Tartakower (Nimzovich) variation"]
[ECO "B15"]
[NIC "CK.06"]
[Time "20:01:37"]
[PlyCount "81"]
[TimeControl "4500+10"]

1. e4 c6 2. d4 d5 3. Nc3 dxe4 4. Nxe4 Nf6 5. Nxf6+ exf6 6. Nf3 Bd6 7. Bc4
O-O 8. O-O Bg4 9. h3 Bh5 10. Re1 Bc7 11. c3 Nd7 12. Be2 Re8 13. Nh4 Bxe2
14. Rxe2 Nf8 15. Rxe8 Qxe8 16. Nf3 Rd8 17. Be3 c5 18. Qb3 cxd4 19. Bxd4 Qc6
20. Be3 Qa6 21. Nd4 Qb6 22. Nb5 Qa5 23. Nxc7 Qxc7 24. Bxa7 Rd2 25. Be3 Rd7
26. Qb6 Qc4 27. a4 f5 28. Qb5 Qc7 29. Qxf5 Ne6 30. a5 Qc4 31. Qc2 g6 32.
Qa4 Qd3 33. a6 bxa6 34. Qxa6 Qc2 35. Qb5 Rd8 36. Qb7 Qf5 37. b4 Qf6 38. Qc6
Rd3 39. Bd4 Qf4 40. Qe8+ Nf8 41. Bc5 { Black resigns } 1-0

[Event "ICC tourney 2332 (75 10)"]
[Site "Internet Chess Club"]
[Date "2021.01.23"]
[Round "3"]
[White "imranchamp"]
[Black "sillytiger"]
[Result "1-0"]
[ICCResult "Black resigns"]
[WhiteElo "1826"]
[BlackElo "1432"]
[Opening "Sicilian: closed"]
[ECO "B23"]
[NIC "SI.44"]
[Time "20:02:14"]
[PlyCount "123"]
[TimeControl "4500+10"]

1. e4 c5 2. Nc3 d6 3. f4 Nf6 4. Nf3 Bd7 5. Bc4 Nc6 6. O-O e6 7. Re1 Be7 8.
d3 O-O 9. e5 Ne8 10. exd6 Nxd6 11. Bb3 Nf5 12. Bd2 Qb6 13. Kh1 Nfd4 14.
Nxd4 Nxd4 15. Nd5 exd5 16. Rxe7 Qc6 17. c3 Nxb3 18. Qxb3 Rfe8 19. Rae1 Rxe7
20. Rxe7 Re8 21. Rxe8+ Bxe8 22. a3 Qg6 23. Qxd5 Qe6 24. Qxe6 fxe6 25. Be3
c4 26. dxc4 a6 27. Kg1 Kf7 28. Kf2 g6 29. Bd4 Bc6 30. g3 h5 31. Ke3 Ba4 32.
Be5 Ke7 33. Kd4 Bc6 34. b4 Kd7 35. Kc5 Kc8 36. Kd6 Bd7 37. Ke7 b5 38. c5
Bc6 39. Kxe6 Kb7 40. Bd6 Be4 41. Ke5 Bc2 42. Be7 Kc6 43. Bd8 Bd3 44. h3 Bf5
45. Kf6 Kd7 46. Ba5 h4 47. gxh4 Bc2 48. Kg5 Ke7 49. h5 gxh5 50. Kxh5 Kf7
51. Kg5 Be4 52. h4 Kg7 53. f5 Kf7 54. Kf4 Bc6 55. Ke5 Ke7 56. h5 Bf3 57. h6
Kf7 58. h7 Kg7 59. Kd6 Kxh7 60. c6 Bg4 61. f6 Kg6 62. Ke7 { Black resigns }
1-0

[Event "ICC tourney 2332 (75 10)"]
[Site "Internet Chess Club"]
[Date "2021.01.23"]
[Round "3"]
[White "Davide25"]
[Black "kevinsun"]
[Result "0-1"]
[ICCResult "White checkmated"]
[WhiteElo "1539"]
[BlackElo "1213"]
[Opening "Benkö gambit"]
[ECO "A57"]
[NIC "BI.46"]
[Time "20:01:32"]
[PlyCount "140"]
[TimeControl "4500+10"]

1. d4 Nf6 2. c4 c5 3. d5 b5 4. b3 b4 5. Bb2 d6 6. Nf3 g6 7. e3 Bg7 8. Bd3
O-O 9. Qc2 Bg4 10. Nbd2 Nbd7 11. h3 Bxf3 12. Nxf3 e5 13. O-O Ne8 14. e4
Nef6 15. a3 Nh5 16. axb4 cxb4 17. Ra4 a5 18. Rfa1 Nf4 19. R4a2 Nc5 20. Bf1
a4 21. Rxa4 Nxa4 22. bxa4 f5 23. Nd2 Bh6 24. Qb3 Nxh3+ 25. gxh3 Bxd2 26.
Qd3 Qg5+ 27. Bg2 fxe4 28. Qxe4 Qf4 29. Qxf4 Rxf4 30. c5 dxc5 31. Bxe5 Rf5
32. Bc7 Bf4 33. d6 Ra6 34. Bb7 Ra7 35. Bc8 Rf6 36. Bb6 Ra8 37. d7 Rd6 38.
Bxc5 Rd3 39. Bb6 Bg5 40. a5 b3 41. d8=Q+ Bxd8 42. Bxd8 Rxd8 43. Be6+ Kg7
44. Bxb3 Rd3 45. Bc4 Rxh3 46. a6 Rc3 47. Bd5 Ra7 48. Bb7 Rb3 49. Rc1 Raxb7
50. axb7 Rxb7 51. Kg2 Rb3 52. f3 Kh6 53. Kg3 Kh5 54. Rh1+ Kg5 55. Rxh7 Rb1
56. Rf7 Rb3 57. Rc7 Rb5 58. f4+ Kf5 59. Rf7+ Ke6 60. Ra7 Kf5 61. Rf7+ Ke6
62. Rf8 Rf5 63. Kg4 Rxf8 64. Kg5 Rf5+ 65. Kg4 Kf6 66. Kg3 g5 67. fxg5+ Kxg5
68. Kg2 Kg4 69. Kg1 Kg3 70. Kh1 Rf1# { White checkmated } 0-1

[Event "ICC tourney 2332 (75 10)"]
[Site "Internet Chess Club"]
[Date "2021.01.23"]
[Round "3"]
[White "doudou2011"]
[Black "QueensRule"]
[Result "0-1"]
[ICCResult "White checkmated"]
[WhiteElo "1438"]
[BlackElo "1628"]
[Opening "Queen's pawn"]
[ECO "A40"]
[NIC "QO.17"]
[Time "20:01:32"]
[PlyCount "90"]
[TimeControl "4500+10"]

1. d4 e6 2. Nf3 f5 3. g3 d5 4. Bg2 Nf6 5. O-O Bd6 6. b3 O-O 7. Bb2 Ne4 8.
Nbd2 Nd7 9. c4 c6 10. Rc1 Qe7 11. e3 Ndf6 12. Ne5 Bd7 13. f3 Ng5 14. h4 Nf7
15. e4 Ba3 16. Bxa3 Qxa3 17. cxd5 cxd5 18. Nxd7 Nxd7 19. exf5 exf5 20. f4
Nf6 21. Rc7 Qxa2 22. Rxb7 Rac8 23. Re7 Rc2 24. Re2 Rfc8 25. Qb1 Qa6 26.
Rfe1 Ne4 27. Bf1 Qc6 28. Nxe4 fxe4 29. Rxc2 Qxc2 30. Qxc2 Rxc2 31. Ra1 e3
32. Rxa7 Kf8 33. Bb5 Nd6 34. Bd3 Rd2 35. Bxh7 Rd1+ 36. Kg2 e2 37. Ra8+ Ke7
38. Ra7+ Kd8 39. Ra8+ Kc7 40. Ra7+ Nb7 41. Bc2 Rc1 42. g4 e1=Q 43. g5 Rxc2+
44. Kf3 Qe2+ 45. Kg3 Rc3# { White checkmated } 0-1

[Event "ICC tourney 2332 (75 10)"]
[Site "Internet Chess Club"]
[Date "2021.01.23"]
[Round "3"]
[White "Telos53"]
[Black "kasraei"]
[Result "1-0"]
[ICCResult "Black checkmated"]
[WhiteElo "1819"]
[BlackElo "1064"]
[Opening "Queen's pawn game"]
[ECO "D04"]
[NIC "QP.08"]
[Time "20:01:30"]
[PlyCount "63"]
[TimeControl "4500+10"]

1. d4 d5 2. Nf3 Nf6 3. e3 Bf5 4. c4 e6 5. Nc3 c6 6. cxd5 exd5 7. Bd3 Bxd3
8. Qxd3 Bd6 9. O-O O-O 10. Bd2 Nbd7 11. Rab1 Re8 12. b4 b5 13. a4 a6 14. a5
Ne4 15. Rfc1 g5 16. Be1 g4 17. Nd2 Qh4 18. g3 Qe7 19. Ncxe4 dxe4 20. Qe2 f5
21. Rxc6 Rec8 22. Rbc1 Rxc6 23. Rxc6 Bxb4 24. Nb3 Bxe1 25. Qxe1 Qa3 26. Qd1
b4 27. Qc2 Ra7 28. Qc4+ Kg7 29. Qe6 Qa2 30. Qh6+ Kf7 31. Qxh7+ Ke8 32. Rc8#
{ Black checkmated } 1-0

[Event "ICC tourney 2332 (75 10)"]
[Site "Internet Chess Club"]
[Date "2021.01.23"]
[Round "3"]
[White "chessp1234"]
[Black "ctforce3"]
[Result "0-1"]
[ICCResult "White resigns"]
[WhiteElo "1784"]
[BlackElo "1890"]
[Opening "Sicilian: Najdorf, Byrne (English) attack"]
[ECO "B90"]
[NIC "SI.14"]
[Time "20:01:33"]
[PlyCount "82"]
[TimeControl "4500+10"]

1. e4 c5 2. Nf3 d6 3. d4 cxd4 4. Nxd4 Nf6 5. Nc3 a6 6. Be3 e5 7. Nb3 Be6 8.
f3 Be7 9. Qd2 O-O 10. O-O-O Nbd7 11. g4 b5 12. h4 b4 13. Nd5 Bxd5 14. exd5
Nb6 15. g5 Nfxd5 16. Bxb6 Nxb6 17. Qxb4 Qc7 18. Bd3 d5 19. Qg4 a5 20. h5 a4
21. Qf5 e4 22. fxe4 axb3 23. axb3 Ra1+ 24. Kd2 Rxd1+ 25. Rxd1 Qg3 26. exd5
Qxg5+ 27. Qxg5 Bxg5+ 28. Ke2 Rd8 29. Be4 Be7 30. c4 g6 31. Rg1 Bf6 32. Kd3
Kg7 33. Rg2 Nd7 34. hxg6 hxg6 35. b4 Rb8 36. c5 Rxb4 37. Rc2 Ne5+ 38. Kc3
Rxe4 39. Kb3 Bd8 40. d6 Nc6 41. Rc4 Na5+ { White resigns } 0-1

[Event "ICC tourney 2332 (75 10)"]
[Site "Internet Chess Club"]
[Date "2021.01.23"]
[Round "3"]
[White "VianYang"]
[Black "apachekid"]
[Result "0-1"]
[ICCResult "White checkmated"]
[WhiteElo "1620"]
[BlackElo "1825"]
[Opening "QGD: 4.Nf3"]
[ECO "D37"]
[NIC "QO.16"]
[Time "20:01:23"]
[PlyCount "116"]
[TimeControl "4500+10"]

1. d4 d5 2. c4 e6 3. Nc3 Nf6 4. Nf3 b6 5. Bg5 Be7 6. e3 h6 7. Bf4 O-O 8.
Nb5 Bb4+ 9. Nc3 Bb7 10. a3 Bxc3+ 11. bxc3 Qe7 12. Qc2 c5 13. cxd5 exd5 14.
Bd3 Nbd7 15. O-O Nh5 16. Be5 c4 17. Be2 f6 18. Bg3 Nxg3 19. hxg3 Rfe8 20.
Nh4 Nf8 21. g4 g6 22. g3 Bc8 23. Bf3 Be6 24. Ng2 Qd7 25. Nf4 Rad8 26. Kg2
f5 27. gxf5 Bxf5 28. Qd1 Be4 29. Bxe4 Rxe4 30. Rh1 h5 31. Qf3 Qf5 32. Rh4
Ne6 33. Nxe6 Qxe6 34. Rf4 Rxf4 35. gxf4 Rf8 36. Rg1 Qf5 37. Kh2 Kg7 38. Qe2
Kf6 39. Rg5 Qd3 40. Qf3 Rd8 41. Rxd5 Rxd5 42. Qxd5 Qxc3 43. Qc6+ Kg7 44. d5
Qc2 45. Qb7+ Kh6 46. Kg3 h4+ 47. Kf3 Qd1+ 48. Ke4 c3 49. Qc8 Qc2+ 50. Kf3
Qd1+ 51. Ke4 Qb1+ 52. Kd4 Kh5 53. Qh8+ Kg4 54. Qc8+ Kf3 55. Qh3+ Ke2 56.
Kxc3 Qd3+ 57. Kb4 a5+ 58. Ka4 Qc4# { White checkmated } 0-1

[Event "ICC tourney 2332 (75 10)"]
[Site "Internet Chess Club"]
[Date "2021.01.23"]
[Round "3"]
[White "vober6"]
[Black "Ajcanalie"]
[Result "0-1"]
[ICCResult "White resigns"]
[WhiteElo "1876"]
[BlackElo "1738"]
[Opening "Scotch gambit: Dubois-Réti defense"]
[ECO "C55"]
[NIC "KP.02"]
[Time "20:01:36"]
[PlyCount "156"]
[TimeControl "4500+10"]

1. e4 e5 2. Nf3 Nc6 3. d4 exd4 4. Bc4 Nf6 5. e5 Ne4 6. Qe2 Nc5 7. O-O Be7
8. Rd1 O-O 9. Nxd4 Nxd4 10. Rxd4 d6 11. Nc3 Be6 12. Bxe6 Nxe6 13. Rd1 Qe8
14. exd6 Bxd6 15. Be3 Nf4 16. Bxf4 Bxf4 17. Qf3 Bd6 18. Ne4 Be7 19. Rd3 Rd8
20. Rad1 Qc6 21. Rxd8 Rxd8 22. Rxd8+ Bxd8 23. Qd3 Be7 24. Kf1 Qh6 25. Qe3
Qa6+ 26. Qd3 Qxa2 27. Qc3 Qa6+ 28. Ke1 Qa4 29. Nd2 Qf4 30. Qe3 Qxe3+ 31.
fxe3 b6 32. Ke2 f6 33. Kd3 Kf7 34. Nf3 Bc5 35. c3 a5 36. Nd2 Ke6 37. Ne4
Kd5 38. Nd2 Bd6 39. h3 c6 40. Ne4 b5 41. Nd2 a4 42. c4+ Ke6 43. cxb5 cxb5
44. Nf3 Be5 45. Kc2 Kd5 46. Nd2 g5 47. b4 a3 48. Kb3 a2 49. Kxa2 Bc3 50.
Nf1 Bxb4 51. Kb3 Be1 52. Nh2 Ke4 53. Ng4 f5 54. Nf6+ Kxe3 55. Nxh7 g4 56.
hxg4 fxg4 57. Nf6 g3 58. Nh5 Kf2 59. Nf4 Bd2 60. Nh5 Kxg2 61. Kc2 Ba5 62.
Nf4+ Kh2 63. Kd3 g2 64. Nxg2 Kxg2 65. Kd4 Bb4 66. Kd5 Ba3 67. Kd4 Kf2 68.
Kc3 Ke2 69. Kb3 Bc5 70. Kc2 Ke3 71. Kc3 b4+ 72. Kb3 Kd3 73. Kb2 Kc4 74. Kc2
b3+ 75. Kb2 Kb4 76. Kc1 Ka3 77. Kb1 b2 78. Kc2 Ka2 { White resigns } 0-1

[Event "ICC tourney 2332 (75 10)"]
[Site "Internet Chess Club"]
[Date "2021.01.23"]
[Round "3"]
[White "clair"]
[Black "xyzchessdude"]
[Result "1-0"]
[ICCResult "Black resigns"]
[WhiteElo "1681"]
[BlackElo "1960"]
[Opening "Queen's pawn: London system"]
[ECO "A45"]
[NIC "QP.07"]
[Time "20:01:27"]
[PlyCount "145"]
[TimeControl "4500+10"]

1. d4 Nf6 2. Bf4 d5 3. e3 c5 4. c3 Nc6 5. Nd2 Qb6 6. Qb3 c4 7. Qc2 Qd8 8.
Ngf3 e6 9. b3 cxb3 10. axb3 Bd6 11. Bxd6 Qxd6 12. Bd3 Bd7 13. e4 dxe4 14.
Nxe4 Nxe4 15. Bxe4 f5 16. Bd3 O-O 17. O-O e5 18. dxe5 Nxe5 19. Nxe5 Qxe5
20. Rfe1 Qf6 21. Bc4+ Kh8 22. Bd5 Rac8 23. c4 Bc6 24. Bxc6 Rxc6 25. Rxa7
Re6 26. Rxe6 Qxe6 27. Ra1 Qe5 28. Rd1 Re8 29. g3 h6 30. Qd2 b5 31. Qd5 bxc4
32. Qxe5 Rxe5 33. bxc4 g5 34. f3 Kg7 35. Kf2 h5 36. Rd5 Re8 37. Rxf5 Kg6
38. g4 Ra8 39. h4 gxh4 40. Rxh5 Ra4 41. Rxh4 Rxc4 42. Rh5 Ra4 43. Rf5 Rb4
44. Kg3 Ra4 45. Rf4 Ra2 46. Rf8 Ra1 47. Rf5 Ra4 48. Re5 Rb4 49. f4 Rb3+ 50.
Kf2 Ra3 51. Re6+ Kf7 52. f5 Rb3 53. Re3 Rb4 54. Kf3 Kf6 55. Re4 Rb1 56.
Re6+ Kf7 57. Kf4 Rg1 58. Kg5 Rg2 59. Rf6+ Kg7 60. Rg6+ Kf7 61. Rh6 Kg7 62.
f6+ Kg8 63. Rg6+ Kf8 64. Rg7 Rg1 65. Kh6 Rh1+ 66. Kg6 Rf1 67. g5 Rf2 68.
Rh7 Kg8 69. f7+ Kf8 70. Rh8+ Ke7 71. f8=Q+ Rxf8 72. Rxf8 Kxf8 73. Kh7 {
Black resigns } 1-0

[Event "ICC tourney 2332 (75 10)"]
[Site "Internet Chess Club"]
[Date "2021.01.23"]
[Round "3"]
[White "tricksterssbu"]
[Black "Theutltl"]
[Result "1/2-1/2"]
[ICCResult "Game drawn because neither player has mating material"]
[WhiteElo "1631"]
[BlackElo "1468"]
[Opening "Sicilian: Najdorf, Lipnitzky attack"]
[ECO "B86"]
[NIC "SI.13"]
[Time "20:01:24"]
[PlyCount "122"]
[TimeControl "4500+10"]

1. e4 c5 2. Nf3 d6 3. d4 cxd4 4. Nxd4 Nf6 5. Nc3 a6 6. Bc4 e6 7. f3 Be7 8.
Be3 b5 9. Bb3 Qc7 10. Qd2 Nc6 11. O-O O-O 12. f4 Nxd4 13. Bxd4 Bb7 14. e5
dxe5 15. Bxe5 Qc6 16. Qe2 Rad8 17. Rad1 Bc5+ 18. Kh1 Nd5 19. Nxd5 exd5 20.
Qg4 Qg6 21. Qxg6 hxg6 22. h3 Rfe8 23. Rfe1 f6 24. Bc3 Kf8 25. Rxe8+ Kxe8
26. Bd4 Bxd4 27. Rxd4 Ke7 28. Kg1 Kd6 29. Kf2 Re8 30. c3 a5 31. Rd3 Re4 32.
g3 b4 33. Bc2 Ba6 34. Rd2 bxc3 35. bxc3 Rc4 36. Bd3 Rc6 37. Bxa6 Rxa6 38.
c4 a4 39. Rxd5+ Kc6 40. Rb5 Ra7 41. Kf1 Rd7 42. Ra5 Rd3 43. Rxa4 Rxg3 44.
Ra7 Rxh3 45. Kg2 Rc3 46. Rxg7 Rxc4 47. Kf3 g5 48. fxg5 fxg5 49. Rxg5 Ra4
50. Rg2 Kd5 51. Rc2 Kd4 52. Ke2 Ra3 53. Rd2+ Kc3 54. Ke3 Kb4+ 55. Kd4 Ra8
56. Ke5 Re8+ 57. Kf6 Ka3 58. Rh2 Re1 59. Kg5 Ra1 60. Kf4 Rxa2 61. Rxa2+
Kxa2 { Game drawn because neither player has mating material } 1/2-1/2

[Event "ICC tourney 2332 (75 10)"]
[Site "Internet Chess Club"]
[Date "2021.01.23"]
[Round "3"]
[White "arjunchesszero"]
[Black "landonp"]
[Result "1-0"]
[ICCResult "Black resigns"]
[WhiteElo "1148"]
[BlackElo "1472"]
[Opening "Giuoco Piano: Möller (Therkatz) attack"]
[ECO "C54"]
[NIC "IG.02"]
[Time "20:01:36"]
[PlyCount "104"]
[TimeControl "4500+10"]

1. e4 e5 2. Nf3 Nc6 3. Bc4 Bc5 4. c3 Nf6 5. d4 exd4 6. cxd4 Bb4+ 7. Nc3
Nxe4 8. O-O Bxc3 9. d5 Bf6 10. Re1 Ne7 11. Rxe4 O-O 12. d6 Ng6 13. Be3 Bxb2
14. Rb1 Bf6 15. Rc1 cxd6 16. Qxd6 Be7 17. Qd2 d6 18. Bd5 Bf6 19. Rb4 Qa5
20. Bb3 Re8 21. Bxf7+ Kxf7 22. Rxb7+ Bxb7 23. Qxa5 Bd8 24. Qf5+ Kg8 25. Qd7
Re7 26. Qxd6 Ba5 27. Bg5 Rf7 28. Ne5 Nxe5 29. Qxe5 Bb6 30. Be3 Raf8 31.
Bxb6 axb6 32. Qe3 Rf6 33. Rc7 Ba8 34. f3 Bd5 35. Qd2 Ba8 36. Rd7 Rg6 37.
Rd8 Bxf3 38. Rxf8+ Kxf8 39. g3 h5 40. Qf4+ Rf6 41. Qb8+ Kf7 42. Qc7+ Kg8
43. Qc4+ Kh7 44. Qd3+ Kh8 45. Qd8+ Kh7 46. a4 Bg4 47. a5 Bh3 48. Qd3+ Kh8
49. axb6 Rf7 50. Qb5 Kh7 51. b7 Rxb7 52. Qxb7 Bf5 { Black resigns } 1-0

[Event "ICC tourney 2332 (75 10)"]
[Site "Internet Chess Club"]
[Date "2021.01.23"]
[Round "3"]
[White "TheGrandAmateur"]
[Black "rokrchess"]
[Result "1-0"]
[ICCResult "Black forfeits on time"]
[WhiteElo "1752"]
[BlackElo "1619"]
[Opening "Benko's opening"]
[ECO "A00"]
[NIC "VO.09"]
[Time "20:01:30"]
[PlyCount "117"]
[TimeControl "4500+10"]

1. g3 d5 2. Bg2 Nf6 3. c4 c6 4. Nf3 g6 5. O-O Bg7 6. d3 dxc4 7. dxc4 Qxd1
8. Rxd1 Be6 9. Nbd2 Nbd7 10. Ng5 Nf8 11. Rb1 h6 12. Nxe6 Nxe6 13. Nf3 O-O
14. h3 Rfd8 15. Be3 Ne4 16. Nh2 Nd6 17. b3 Nf5 18. Rxd8+ Rxd8 19. Bxa7 Ra8
20. Bb6 Rxa2 21. e3 Ra6 22. c5 Ra1 23. Rxa1 Bxa1 24. b4 Bc3 25. b5 cxb5 26.
Bxb7 b4 27. Bd5 Kf8 28. g4 Nfg7 29. f4 Ke8 30. Bc6+ Kf8 31. Ba4 Ne8 32. Nf3
Nf6 33. c6 Nd5 34. Ba5 Nc5 35. Bb5 Ne6 36. Bc4 Nec7 37. e4 Ne3 38. Bb3 Nb5
39. Kf2 Nxg4+ 40. hxg4 Nd6 41. Ke3 h5 42. e5 Nc8 43. gxh5 gxh5 44. Ng5 e6
45. Nxe6+ fxe6 46. Bxe6 Ne7 47. c7 Kg7 48. c8=Q Nxc8 49. Bxc8 Kh6 50. e6
Kg7 51. f5 Kf8 52. Kf4 Bd2+ 53. Ke5 b3 54. Bxd2 b2 55. Bb4+ Kg7 56. f6+ Kg6
57. e7 b1=Q 58. e8=Q+ Kg5 59. Bd2+ { Black forfeits on time } 1-0

[Event "ICC tourney 2332 (75 10)"]
[Site "Internet Chess Club"]
[Date "2021.01.24"]
[Round "4"]
[White "rokrchess"]
[Black "abi2009"]
[Result "1-0"]
[ICCResult "Black resigns"]
[WhiteElo "1619"]
[BlackElo "1710"]
[Opening "Ruy Lopez: old Steinitz defense"]
[ECO "C62"]
[NIC "RL.02"]
[Time "13:01:38"]
[PlyCount "51"]
[TimeControl "4500+10"]

1. e4 e5 2. Nf3 Nc6 3. Bb5 d6 4. d4 exd4 5. Nxd4 Bd7 6. Bxc6 bxc6 7. O-O
Ne7 8. f4 c5 9. Ne2 g6 10. Nbc3 Bg7 11. Be3 O-O 12. Ng3 f5 13. Qf3 Bc6 14.
Rfd1 Qb8 15. Rab1 Qb7 16. Nd5 Rae8 17. c4 fxe4 18. Nxe4 Nxd5 19. cxd5 Bxd5
20. Rxd5 Qxd5 21. Nf6+ Rxf6 22. Qxd5+ Kh8 23. Bd2 Rfe6 24. Bc3 Bxc3 25.
bxc3 Re2 26. Qf7 { Black resigns } 1-0

[Event "ICC tourney 2332 (75 10)"]
[Site "Internet Chess Club"]
[Date "2021.01.24"]
[Round "4"]
[White "sillytiger"]
[Black "michaelxiao"]
[Result "1-0"]
[ICCResult "Black resigns"]
[WhiteElo "1432"]
[BlackElo "1336"]
[Opening "QGD: 4.Bg5 Be7"]
[ECO "D53"]
[NIC "QO.13"]
[Time "13:02:10"]
[PlyCount "67"]
[TimeControl "4500+10"]

1. c4 e6 2. Nc3 d5 3. d4 Nf6 4. Bg5 Be7 5. Nf3 Bd7 6. e3 h6 7. Bh4 Nc6 8.
Bxf6 Bxf6 9. cxd5 exd5 10. Nxd5 Bf5 11. Nxf6+ Qxf6 12. Bb5 O-O 13. O-O h5
14. a3 h4 15. h3 Rad8 16. Rc1 g5 17. Bxc6 bxc6 18. Ne5 Rd6 19. Qf3 Rb8 20.
e4 Bg6 21. Qxf6 Rxf6 22. Nd7 Rxb2 23. Nxf6+ Kg7 24. e5 Bd3 25. Rfd1 Be2 26.
Re1 Bd3 27. Rxc6 g4 28. hxg4 Ra2 29. Rxc7 Rxa3 30. e6 Kxf6 31. e7 Bb5 32.
d5 a5 33. d6 a4 34. d7 { Black resigns } 1-0

[Event "ICC tourney 2332 (75 10)"]
[Site "Internet Chess Club"]
[Date "2021.01.24"]
[Round "4"]
[White "Nacaroa-Dan"]
[Black "smartgoldfish"]
[Result "0-1"]
[ICCResult "White resigns"]
[WhiteElo "1677"]
[BlackElo "1277"]
[Opening "Evans gambit: Cordel variation"]
[ECO "C51"]
[NIC "IG.05"]
[Time "13:01:53"]
[PlyCount "54"]
[TimeControl "4500+10"]

1. e4 e5 2. Bc4 Bc5 3. Nf3 Nc6 4. b4 Bxb4 5. c3 Be7 6. d4 Na5 7. Nxe5 Nxc4
8. Nxc4 d5 9. exd5 Qxd5 10. Ne3 Qd8 11. O-O Nf6 12. Na3 O-O 13. Nac4 Be6
14. Rb1 Rb8 15. Qf3 b5 16. Ne5 Rb6 17. Nc6 Qd7 18. Nxe7+ Qxe7 19. d5 Bd7
20. Nc2 Bg4 21. Qd3 Be2 22. Qd2 Bxf1 23. Ba3 Qe2 24. Qxe2 Bxe2 25. Re1 Bc4
26. Bxf8 Kxf8 27. Nb4 Nxd5 { White resigns } 0-1

[Event "ICC tourney 2332 (75 10)"]
[Site "Internet Chess Club"]
[Date "2021.01.24"]
[Round "4"]
[White "Ajcanalie"]
[Black "TheChessShark"]
[Result "1-0"]
[ICCResult "Black resigns"]
[WhiteElo "1738"]
[BlackElo "1888"]
[Opening "Philidor: Hanham, Steiner variation"]
[ECO "C41"]
[NIC "KP.08"]
[Time "13:01:45"]
[PlyCount "95"]
[TimeControl "4500+10"]

1. e4 e5 2. Nf3 d6 3. d4 Nd7 4. Bc4 c6 5. O-O Be7 6. dxe5 dxe5 7. Ng5 Bxg5
8. Qh5 Qe7 9. Qxg5 Qxg5 10. Bxg5 Nc5 11. Nd2 Be6 12. Be2 Nf6 13. f3 h6 14.
Be3 Ncd7 15. Nc4 Bxc4 16. Bxc4 b5 17. Be2 g5 18. a4 O-O 19. axb5 cxb5 20.
Bxa7 Rac8 21. Bd3 b4 22. Ra6 Kg7 23. Rfa1 Nc5 24. Bxc5 Rxc5 25. R1a5 Rxa5
26. Rxa5 Nd7 27. Rd5 Nb6 28. Rb5 Nd7 29. Rxb4 Rb8 30. Rxb8 Nxb8 31. Bb5 Kf8
32. b4 Ke7 33. c4 Kd6 34. c5+ Kc7 35. Kf2 h5 36. Ke3 Nc6 37. Bxc6 Kxc6 38.
Kd3 Kb5 39. g3 g4 40. fxg4 hxg4 41. Kc3 f6 42. Kd3 Kc6 43. Kc4 Kc7 44. Kd5
Kd7 45. b5 Ke7 46. c6 Kd8 47. b6 Kc8 48. Ke6 { Black resigns } 1-0

[Event "ICC tourney 2332 (75 10)"]
[Site "Internet Chess Club"]
[Date "2021.01.24"]
[Round "4"]
[White "apachekid"]
[Black "TheGrandAmateur"]
[Result "1-0"]
[ICCResult "Black resigns"]
[WhiteElo "1825"]
[BlackElo "1752"]
[Opening "Robatsch (modern) defense"]
[ECO "A40"]
[NIC "KF.05"]
[Time "13:01:51"]
[PlyCount "33"]
[TimeControl "4500+10"]

1. d4 g6 2. e4 Bg7 3. Nc3 d6 4. Bg5 Nc6 5. Bb5 Bd7 6. Nf3 h6 7. Bh4 Nf6 8.
e5 dxe5 9. dxe5 Ng4 10. O-O Ngxe5 11. Nxe5 Nxe5 12. f4 c6 13. Be2 Qb6+ 14.
Bf2 Qxb2 15. Bd4 Ng4 16. Bxg7 Ne3 17. Qc1 { Black resigns } 1-0

[Event "ICC tourney 2332 (75 10)"]
[Site "Internet Chess Club"]
[Date "2021.01.24"]
[Round "4"]
[White "serenacool"]
[Black "tbogin1"]
[Result "0-1"]
[ICCResult "White resigns"]
[WhiteElo "1373"]
[BlackElo "1813"]
[Opening "KP: Nimzovich defense"]
[ECO "B00"]
[NIC "VO.06"]
[Time "13:01:49"]
[PlyCount "92"]
[TimeControl "4500+10"]

1. e4 Nc6 2. d4 d5 3. exd5 Qxd5 4. Nf3 Bg4 5. c4 Qd7 6. Be2 Bxf3 7. Bxf3
Nxd4 8. Nc3 Nxf3+ 9. Qxf3 c6 10. O-O Nf6 11. Rd1 Qg4 12. Qd3 e6 13. h3 Qg6
14. Qd4 Be7 15. Bf4 O-O 16. Re1 Rfd8 17. Qe3 Bd6 18. Bxd6 Rxd6 19. Ne4 Qxe4
20. Qxe4 Nxe4 21. Rxe4 Rd2 22. b3 Rad8 23. Ree1 Rc2 24. Red1 Rxd1+ 25. Rxd1
f5 26. Rd7 Rxa2 27. Rxb7 e5 28. Rb8+ Kf7 29. Rb7+ Kf6 30. Rc7 Ra6 31. Kf1
Rb6 32. Rxa7 Rxb3 33. Ra6 Rb1+ 34. Ke2 e4 35. Rxc6+ Ke5 36. Rc5+ Kf6 37.
Rb5 Rxb5 38. cxb5 Ke6 39. b6 Kd7 40. Ke3 Kc6 41. Kf4 g6 42. Kg5 Kxb6 43.
Kh6 f4 44. f3 e3 45. Kxh7 e2 46. Kxg6 e1=Q { White resigns } 0-1

[Event "ICC tourney 2332 (75 10)"]
[Site "Internet Chess Club"]
[Date "2021.01.24"]
[Round "4"]
[White "AJ2000"]
[Black "runtilmorrow1"]
[Result "0-1"]
[ICCResult "White resigns"]
[WhiteElo "1646"]
[BlackElo "1968"]
[Opening "Sicilian: Prins (Moscow) variation"]
[ECO "B55"]
[NIC "SI.01"]
[Time "13:01:42"]
[PlyCount "60"]
[TimeControl "4500+10"]

1. e4 c5 2. Nf3 d6 3. d4 cxd4 4. Nxd4 Nf6 5. f3 g6 6. c4 Bg7 7. Nc3 Nc6 8.
Be3 O-O 9. Be2 Nxd4 10. Bxd4 Bd7 11. O-O Bc6 12. Qd2 Nd7 13. Bxg7 Kxg7 14.
Kh1 a5 15. b4 axb4 16. Nd5 Bxd5 17. cxd5 Qa5 18. Rfb1 Rfc8 19. Rxb4 f6 20.
Qb2 Nc5 21. Rb5 Qa3 22. h3 Qe3 23. Bf1 Na4 24. Qb4 b6 25. Bc4 Nc3 26. Rxb6
Ra4 27. Qb3 Raxc4 28. a4 Qf2 29. a5 Ne2 30. a6 Rc1+ { White resigns } 0-1

[Event "ICC tourney 2332 (75 10)"]
[Site "Internet Chess Club"]
[Date "2021.01.24"]
[Round "4"]
[White "pari538"]
[Black "wahoo"]
[Result "0-1"]
[ICCResult "White checkmated"]
[WhiteElo "1485"]
[BlackElo "1645"]
[Opening "Scotch game"]
[ECO "C45"]
[NIC "SO.05"]
[Time "13:01:45"]
[PlyCount "68"]
[TimeControl "4500+10"]

1. e4 e5 2. Nf3 Nc6 3. d4 exd4 4. Nxd4 Bc5 5. Be3 Qf6 6. c3 Nge7 7. Bc4 Ne5
8. Be2 Qg6 9. O-O d6 10. Nb5 Bh3 11. Bf3 O-O-O 12. Bxc5 dxc5 13. Qe2 Nxf3+
14. Qxf3 Rd3 15. Qg3 Rxg3 16. fxg3 Bd7 17. N5a3 Qxe4 18. Kh1 Qe2 19. Rg1
Qxb2 20. Nd2 Qxd2 21. Nc4 Qxc3 22. Rac1 Qf6 23. Nd2 Nf5 24. Nf3 Bc6 25.
Rxc5 Bxf3 26. gxf3 Ne3 27. h4 Qxf3+ 28. Kh2 Qf2+ 29. Kh1 Ng4 30. Rc2 Qxc2
31. Rg2 Qd1+ 32. Rg1 Qf3+ 33. Rg2 Qf1+ 34. Rg1 Qh3# { White checkmated }
0-1